[Event "Nakhchivan Premium 2021"]
[Site "Nakhchivan"]
[Date "2021.03.22"]
[Round "1.4"]
[White "Ahmadova, Yegana"]
[Black "Seyid, Huseyn"]
[Result "0-1"]
[ECO "B14"]
[WhiteElo "1421"]
[BlackElo "1660"]
[Annotator "NA RC"]
[PlyCount "60"]
[EventDate "2021.03.14"]
[EventType "tourn"]
[EventCountry "AZE"]
[SourceTitle "playchess.com"]
[Source "ChessBase"]
[SourceQuality "1"]
[TimeControl "5400+30"]

1. e4 c6 2. d4 d5 3. exd5 cxd5 4. c4 Nf6 5. Nc3 e6 6. Nf3 Nc6 7. cxd5 exd5 8. Bd3 Be7 9. O-O Bg4 10. Be3 O-O 11. h3 Bh5 12. Be2 Ne4 13. Ne5 Bxe2 14. Nxe2 Rc8 15. Rc1 Bd6 16. Nxc6 bxc6 17. Bf4 Bxf4 18. Nxf4 Qf6 19. Ne2 Rfe8 20. f3 Nd6 21. b3 Nf5 22. Rf2 Re7 23. Qd2 Rce8 24. Qb4 h6 25. Rc2 Qg6 26. Qc5 Ne3 27. Rc1 Nf5 28. Rc2 Ng3 29. Nxg3 Qxg3 30. Rf1 Re2 0-1

[Event "Nakhchivan Premium 2021"]
[Site "Nakhchivan"]
[Date "2021.03.22"]
[Round "1.6"]
[White "Baghirov, Orkhan"]
[Black "Ismayilov, Arturan"]
[Result "1/2-1/2"]
[ECO "D94"]
[WhiteElo "1473"]
[BlackElo "1663"]
[Annotator "NA RC"]
[PlyCount "164"]
[EventDate "2021.03.14"]
[EventType "tourn"]
[EventCountry "AZE"]
[SourceTitle "playchess.com"]
[Source "ChessBase"]
[SourceQuality "1"]
[TimeControl "5400+30"]

1. d4 Nf6 2. c4 g6 3. Nc3 d5 4. Nf3 Bg7 5. e3 O-O 6. Bd3 dxc4 7. Bxc4 c5 8. O-O Nc6 9. d5 Na5 10. Be2 Bf5 11. Nh4 Be4 12. Bf3 Bxf3 13. Nxf3 Re8 14. e4 Ng4 15. Qe2 Ne5 16. Nxe5 Bxe5 17. f4 Bd4+ 18. Be3 e6 19. Rad1 exd5 20. Bxd4 cxd4 21. Rxd4 Qb6 22. Qf2 dxe4 23. Rxe4 Qxf2+ 24. Kxf2 Rxe4 25. Nxe4 Rc8 26. Re1 Kg7 27. b3 Rc6 28. Re2 b5 29. Ke3 Re6 30. Kf3 Ra6 31. Nc5 Rc6 32. Ne4 Rc1 33. Nd6 Nc6 34. Kf2 b4 35. Re1 Rc5 36. Ne4 Ra5 37. Re2 h6 38. Rd2 g5 39. g3 f6 40. Nd6 Rc5 41. Nc4 a5 42. Rd7+ Kg6 43. Rc7 gxf4 44. gxf4 Kf5 45. Ke3 Kg4 46. Rf7 f5 47. Rf6 Kh5 48. Rd6 a4 49. Rd7 axb3 50. axb3 Na5 51. Nxa5 Rxa5 52. Rb7 Ra2 53. Rxb4 Rxh2 54. Kf3 Rh3+ 55. Kg2 Kg4 56. Rb6 Rg3+ 57. Kf2 Rf3+ 58. Kg2 h5 59. Rg6+ Kxf4 60. Rh6 Rxb3 61. Rxh5 Kg4 62. Rh8 Rb2+ 63. Kf1 Kg3 64. Rc8 f4 65. Rf8 Kf3 66. Kg1 Rb1+ 67. Kh2 Re1 68. Rf7 Rf1 69. Rb7 Re1 70. Rf7 Re4 71. Kg1 Ra4 72. Rb7 Ra1+ 73. Kh2 Kf2 74. Rb2+ Kf1 75. Rb3 Ra2+ 76. Kh3 Rf2 77. Kg4 Kg2 78. Rc3 Rf1 79. Rc2+ Kg1 80. Rc3 f3 81. Rxf3 Rf2 82. Rxf2 Kxf2 1/2-1/2

[Event "Nakhchivan Premium 2021"]
[Site "Nakhchivan"]
[Date "2021.03.23"]
[Round "2.2"]
[White "Sevdimaliyev, Urfan"]
[Black "Aliyev, Aykhan"]
[Result "1-0"]
[ECO "B21"]
[WhiteElo "2369"]
[BlackElo "1683"]
[Annotator "ChessBase"]
[PlyCount "69"]
[EventDate "2021.03.14"]
[EventType "tourn"]
[EventCountry "AZE"]
[SourceTitle "playchess.com"]
[Source "ChessBase"]
[SourceQuality "1"]
[TimeControl "5400+30"]

1. e4 c5 2. f4 Nc6 3. Nf3 g6 4. Nc3 Bg7 5. Bb5 e6 6. Bxc6 bxc6 7. e5 d5 8. O-O Ne7 9. d3 h5 10. b3 Nf5 11. Qe1 Bf8 12. Ba3 Rb8 13. Na4 Rb5 14. c4 dxc4 15. dxc4 Rb4 16. Rd1 Qc7 17. Bxb4 cxb4 18. Ng5 Be7 19. Ne4 O-O 20. Qf2 Rd8 21. Rxd8+ Qxd8 22. Qd2 Qxd2 23. Nxd2 c5 24. Ne4 Bb7 25. Nexc5 Bc6 26. Kf2 g5 27. g3 h4 28. Nd3 gxf4 29. gxf4 h3 30. Ke2 Bh4 31. Nxb4 Bg2 32. Rd1 a5 33. Nc2 Ng3+ 34. hxg3 Bxg3 35. Ne3 1-0

[Event "Nakhchivan Premium 2021"]
[Site "Nakhchivan"]
[Date "2021.03.23"]
[Round "2.3"]
[White "Seyid, Huseyn"]
[Black "Baghirov, Orkhan"]
[Result "1-0"]
[ECO "C05"]
[WhiteElo "1660"]
[BlackElo "1473"]
[Annotator "NA"]
[PlyCount "73"]
[EventDate "2021.03.14"]
[EventType "tourn"]
[EventCountry "AZE"]
[SourceTitle "playchess.com"]
[Source "ChessBase"]
[SourceQuality "1"]
[TimeControl "5400+30"]

1. e4 e6 2. d4 d5 3. Nd2 Nf6 4. e5 Nfd7 5. Bd3 c5 6. c3 Nc6 7. Ne2 Qb6 8. Nf3 cxd4 9. cxd4 f6 10. exf6 Nxf6 11. O-O Bd6 12. Re1 O-O 13. Bf4 Qc7 14. g3 Nh5 15. Bxd6 Qxd6 16. Nc3 g6 17. Ne5 Nxe5 18. Rxe5 Nf6 19. Bf1 a6 20. Bh3 Bd7 21. Qe2 Rae8 22. Re1 Qb4 23. Qd2 Qd6 24. Qe3 Qb4 25. Re2 Kg7 26. a3 Qc4 27. Qd2 Qc6 28. f3 Rf7 29. f4 Rfe7 30. f5 Qd6 31. Qe3 Kf7 32. fxg6+ hxg6 33. Qh6 Rg8 34. Rf2 Rf8 35. Rxf6+ Kxf6 36. Qxf8+ Rf7 37. Qxd6 1-0

[Event "Nakhchivan Premium 2021"]
[Site "Nakhchivan"]
[Date "2021.03.23"]
[Round "2.5"]
[White "Ismayilov, Arturan"]
[Black "Babayev, Talib"]
[Result "1/2-1/2"]
[ECO "C60"]
[WhiteElo "1663"]
[BlackElo "2282"]
[Annotator "ChessBase"]
[PlyCount "109"]
[EventDate "2021.03.14"]
[EventType "tourn"]
[EventCountry "AZE"]
[SourceTitle "playchess.com"]
[Source "ChessBase"]
[SourceQuality "1"]
[TimeControl "5400+30"]

1. e4 e5 2. Nf3 Nc6 3. Bb5 Nge7 4. O-O g6 5. c3 a6 6. Ba4 Bg7 7. d4 exd4 8. cxd4 O-O 9. h3 b5 10. Bc2 d5 11. Re1 dxe4 12. Bxe4 Bf5 13. Bxc6 Nxc6 14. Be3 Nb4 15. Re2 c5 16. Rd2 c4 17. a3 Nd3 18. Nc3 Qb8 19. g4 Bd7 20. Rxd3 cxd3 21. Qxd3 f5 22. Ne5 Bxe5 23. dxe5 Be6 24. Bc5 Qd8 25. Qf3 Re8 26. Rd1 Qc8 27. Qe3 Qb7 28. gxf5 Bxf5 29. Nd5 Rad8 30. Ne7+ Kh8 31. Rxd8 Rxd8 32. Bd6 Qd7 33. Qg5 Rf8 34. Nxg6+ Bxg6 35. Bxf8 Qd1+ 36. Kh2 Qf3 37. Bc5 Qf5 38. Qxf5 Bxf5 39. Kg3 Kg7 40. h4 Kf7 41. Kf4 Ke6 42. Bd4 a5 43. Kg5 a4 44. Kf4 Bb1 45. Bc3 Bc2 46. Ke3 Kd5 47. h5 Bf5 48. Kf4 Ke6 49. Kg5 Bc2 50. Kh6 Kf7 51. f4 Bd3 52. Kg5 Ke6 53. Kh6 Kf7 54. Kg5 Ke6 55. Kh6 1/2-1/2

[Event "Nakhchivan Premium 2021"]
[Site "Nakhchivan"]
[Date "2021.03.23"]
[Round "2.6"]
[White "Babayeva, Nasrin"]
[Black "Hasanzade, Toghrul"]
[Result "1-0"]
[ECO "A05"]
[WhiteElo "1564"]
[BlackElo "2322"]
[Annotator "ChessBase"]
[PlyCount "84"]
[EventDate "2021.03.14"]
[EventType "tourn"]
[EventCountry "AZE"]
[SourceTitle "playchess.com"]
[Source "ChessBase"]
[SourceQuality "1"]
[TimeControl "5400+30"]

1. Nf3 Nf6 2. c4 c6 3. g3 d5 4. Bg2 g6 5. O-O Bg7 6. d3 O-O 7. Bf4 Re8 8. Nc3 Nh5 9. Be5 Bh6 10. Bxb8 Rxb8 11. cxd5 cxd5 12. Qa4 a5 13. Nxd5 b5 14. Qd4 Bg7 15. Qc5 Bb7 16. Nc7 Rc8 17. Rac1 Bxb2 18. Rc2 Bxf3 19. Bxf3 b4 20. Bb7 Bc3 21. Bxc8 Qxc8 22. Qxa5 Qd8 23. a3 Rf8 24. axb4 Bg7 25. Nd5 Qd7 26. Rc7 Qh3 27. Rxe7 Bd4 28. e3 Bh8 29. b5 Nf6 30. Nxf6+ Bxf6 31. Ra7 Bd8 32. b6 Qe6 33. Rb1 h5 34. h4 Qg4 35. Qb4 Qf5 36. Qe4 Qc5 37. d4 Qd6 38. Qe5 Qc6 39. Qc5 Qe4 40. Rc1 g5 41. b7 gxh4 42. b8=Q Qf4 1-0

[Event "Nakhchivan Premium 2021"]
[Site "Nakhchivan"]
[Date "2021.03.24"]
[Round "3.6"]
[White "Aliyev, Aykhan"]
[Black "Garayev, Sadig"]
[Result "1/2-1/2"]
[ECO "C01"]
[WhiteElo "1683"]
[BlackElo "1781"]
[Annotator "NA RC"]
[PlyCount "48"]
[EventDate "2021.03.14"]
[EventType "tourn"]
[EventCountry "AZE"]
[SourceTitle "playchess.com"]
[Source "ChessBase"]
[SourceQuality "1"]
[TimeControl "5400+30"]

1. e4 e6 2. d4 d5 3. exd5 exd5 4. Nf3 Bd6 5. c4 Nf6 6. Bd3 O-O 7. O-O dxc4 8. Bxc4 Bg4 9. Bg5 h6 10. Bh4 Nc6 11. h3 Bxf3 12. Qxf3 Nxd4 13. Qd3 Nc6 14. Qc2 Ne5 15. Bb3 Kh8 16. Nc3 Ng6 17. Bg3 Nh5 18. Rad1 f5 19. Rd5 Qf6 20. Bxd6 cxd6 21. Qd1 Nhf4 22. Rd4 Rac8 23. Kh2 Qg5 24. g3 Nh5 1/2-1/2

[Event "Nakhchivan Premium 2021"]
[Site "Nakhchivan"]
[Date "2021.03.25"]
[Round "4.2"]
[White "Babayeva, Nasrin"]
[Black "Aliyev, Aykhan"]
[Result "1-0"]
[ECO "A17"]
[WhiteElo "1564"]
[BlackElo "1683"]
[Annotator "NA RC"]
[PlyCount "57"]
[EventDate "2021.03.14"]
[EventType "tourn"]
[EventCountry "AZE"]
[SourceTitle "playchess.com"]
[Source "ChessBase"]
[SourceQuality "1"]
[TimeControl "5400+30"]

1. c4 Nf6 2. Nc3 e6 3. g3 Be7 4. Bg2 d5 5. b3 c5 6. e3 b6 7. Nge2 Bb7 8. Nf4 Na6 9. Bb2 Nc7 10. cxd5 exd5 11. d4 O-O 12. O-O Bd6 13. dxc5 Bxf4 14. exf4 bxc5 15. Na4 Na6 16. Rc1 Rc8 17. Qd2 Re8 18. Ba3 Qd6 19. Qa5 Nd7 20. Rfd1 Rc7 21. Nc3 Nf6 22. Nb5 Qb6 23. Qxb6 axb6 24. Nxc7 Nxc7 25. Re1 Ra8 26. Re7 Nfe8 27. Bb2 Kf8 28. Re2 Rxa2 29. Bxg7+ 1-0

[Event "Nakhchivan Premium 2021"]
[Site "Nakhchivan"]
[Date "2021.03.25"]
[Round "4.6"]
[White "Ahmadova, Yegana"]
[Black "Baghirov, Orkhan"]
[Result "0-1"]
[ECO "C02"]
[WhiteElo "1421"]
[BlackElo "1473"]
[Annotator "NA RC"]
[PlyCount "102"]
[EventDate "2021.03.14"]
[EventType "tourn"]
[EventCountry "AZE"]
[SourceTitle "playchess.com"]
[Source "ChessBase"]
[SourceQuality "1"]
[TimeControl "5400+30"]

1. e4 e6 2. d4 d5 3. e5 c5 4. c3 Nc6 5. Nf3 f6 6. Bd3 cxd4 7. cxd4 Bd7 8. Nc3 fxe5 9. dxe5 g6 10. Bg5 Qb6 11. Qb1 Bg7 12. Bxg6+ hxg6 13. Qxg6+ Kf8 14. Bf6 Nxf6 15. exf6 Bh6 16. Ng5 Ne5 17. Nh7+ Rxh7 18. Qxh7 Nf7 19. O-O Qxb2 20. Rac1 Bc6 21. Rc2 Qb4 22. Ne2 Qh4 23. Qg6 Qg5 24. Qxg5 Bxg5 25. Nd4 Nd8 26. f4 Bxf6 27. Nf3 Nf7 28. g4 Ke7 29. g5 Bh8 30. g6 Rg8 31. Rg2 Nd6 32. Ne5 Bxe5 33. fxe5 Nf5 34. Rg5 Be8 35. Rc1 Kd7 36. g7 Rxg7 37. Rxg7+ Nxg7 38. Kf2 Nf5 39. Kf3 b5 40. Kg4 d4 41. Kf4 Bh5 42. Rc2 d3 43. Rd2 Be2 44. Ke4 Kc6 45. Rb2 Kc5 46. h4 Kc4 47. h5 Kc3 48. h6 Nxh6 49. Rb3+ Kc2 50. Rxb5 d2 51. Rc5+ Kb2 0-1

[Event "Nakhchivan Premium 2021"]
[Site "Nakhchivan"]
[Date "2021.03.26"]
[Round "5.2"]
[White "Babayev, Talib"]
[Black "Ahmadova, Yegana"]
[Result "1-0"]
[ECO "B38"]
[WhiteElo "2282"]
[BlackElo "1421"]
[Annotator "ChessBase"]
[PlyCount "77"]
[EventDate "2021.03.14"]
[EventType "tourn"]
[EventCountry "AZE"]
[SourceTitle "playchess.com"]
[Source "ChessBase"]
[SourceQuality "1"]
[TimeControl "5400+30"]

1. e4 c5 2. Nf3 Nc6 3. d4 cxd4 4. Nxd4 g6 5. c4 Bg7 6. Be3 Nf6 7. Nc3 O-O 8. Be2 d6 9. O-O Bd7 10. Nc2 Rc8 11. f3 a5 12. Qd2 Ne5 13. b3 Nc6 14. Rac1 Nb4 15. Nd4 Nc6 16. Ndb5 Be6 17. Kh1 Nd7 18. f4 f5 19. exf5 Bxf5 20. Qd5+ Kh8 21. g4 Nf6 22. Qg2 Bd7 23. Rcd1 Ne8 24. Nd5 Be6 25. Nb6 Rb8 26. c5 Nc7 27. cxd6 Nxb5 28. Bxb5 exd6 29. Bc4 Qe7 30. Rfe1 Bxc4 31. Nxc4 Qf7 32. Nxd6 Qc7 33. Nb5 Qf7 34. f5 Rbd8 35. Nd6 Qc7 36. Bf4 gxf5 37. gxf5 Qb6 38. Rg1 Bd4 39. Qg8+ 1-0

[Event "Nakhchivan Premium 2021"]
[Site "Nakhchivan"]
[Date "2021.03.26"]
[Round "5.3"]
[White "Hasanzade, Toghrul"]
[Black "Gasimov, Parviz"]
[Result "1-0"]
[ECO "E47"]
[WhiteElo "2322"]
[BlackElo "2337"]
[Annotator "ChessBase"]
[PlyCount "91"]
[EventDate "2021.03.14"]
[EventType "tourn"]
[EventCountry "AZE"]
[SourceTitle "playchess.com"]
[Source "ChessBase"]
[SourceQuality "1"]
[TimeControl "5400+30"]

1. d4 e6 2. c4 Nf6 3. Nc3 Bb4 4. e3 O-O 5. Bd3 c5 6. a3 Bxc3+ 7. bxc3 d5 8. Ne2 b6 9. cxd5 exd5 10. O-O Ba6 11. Ng3 Bxd3 12. Qxd3 Nc6 13. Bb2 Re8 14. f3 h5 15. e4 c4 16. Qe2 h4 17. Nf5 dxe4 18. fxe4 Rxe4 19. Qxc4 Rc8 20. Qb5 Ne7 21. Nh6+ Kf8 22. a4 Qd5 23. Qd3 Qe6 24. Ba3 Re3 25. Qd2 Re2 26. Qxe2 Qxe2 27. Rfe1 Qxe1+ 28. Rxe1 gxh6 29. Rxe7 Kg8 30. Bb2 a5 31. Re5 Rc4 32. Rb5 Nd7 33. Kf2 Rxa4 34. Ke3 Ra2 35. c4 a4 36. Bc3 Rxg2 37. c5 Rg5 38. c6 Nf6 39. c7 Rxb5 40. c8=Q+ Kg7 41. Qc6 Nd5+ 42. Ke4 Nf6+ 43. Kd3 Rf5 44. d5 a3 45. d6 Rc5 46. Qxc5 1-0

[Event "Nakhchivan Premium 2021"]
[Site "Nakhchivan"]
[Date "2021.03.26"]
[Round "5.4"]
[White "Mammadov, Sadig"]
[Black "Seyid, Huseyn"]
[Result "1/2-1/2"]
[ECO "D45"]
[WhiteElo "2237"]
[BlackElo "1660"]
[Annotator "ChessBase"]
[PlyCount "100"]
[EventDate "2021.03.14"]
[EventType "tourn"]
[EventCountry "AZE"]
[SourceTitle "playchess.com"]
[Source "ChessBase"]
[SourceQuality "1"]
[TimeControl "5400+30"]

1. d4 d5 2. c4 e6 3. Nc3 Nf6 4. e3 c6 5. Nf3 Nbd7 6. Qc2 Bd6 7. b3 O-O 8. Bb2 b6 9. Bd3 Re8 10. O-O Bb7 11. e4 dxe4 12. Nxe4 Nxe4 13. Bxe4 Nf6 14. Bd3 h6 15. Rad1 Qe7 16. Ne5 c5 17. dxc5 bxc5 18. Qe2 Rad8 19. Rd2 Bc7 20. Bc3 Nd7 21. Nxd7 Rxd7 22. Qg4 f5 23. Qe2 Bf4 24. Rdd1 Red8 25. g3 Bc7 26. Rfe1 Qf7 27. Bc2 Rxd1 28. Bxd1 Re8 29. f4 Qd7 30. Kf2 Qc6 31. Qf3 Kf7 32. Qxc6 Bxc6 33. Bf3 Bxf3 34. Kxf3 Rd8 35. Ke2 g6 36. Rb1 e5 37. fxe5 Ke6 38. Re1 g5 39. a3 f4 40. gxf4 gxf4 41. b4 Kf5 42. Kf2 Rd3 43. e6 Bd6 44. e7 Bxe7 45. Rxe7 Rxc3 46. Rxa7 cxb4 47. axb4 Rxc4 48. Rf7+ Ke4 49. Re7+ Kf5 50. Rf7+ Ke5 1/2-1/2

[Event "Nakhchivan Premium 2021"]
[Site "Nakhchivan"]
[Date "2021.03.26"]
[Round "5.5"]
[White "Aliyev, Aykhan"]
[Black "Ismayilov, Arturan"]
[Result "1-0"]
[ECO "B31"]
[WhiteElo "1683"]
[BlackElo "1663"]
[Annotator "NA"]
[PlyCount "125"]
[EventDate "2021.03.14"]
[EventType "tourn"]
[EventCountry "AZE"]
[SourceTitle "playchess.com"]
[Source "ChessBase"]
[SourceQuality "1"]
[TimeControl "5400+30"]

1. e4 c5 2. Nf3 Nc6 3. Bb5 g6 4. O-O Bg7 5. Re1 Nf6 6. e5 Nd5 7. Nc3 Nc7 8. Bxc6 dxc6 9. d3 O-O 10. Ne4 b6 11. h3 Ne6 12. Be3 Qc7 13. Neg5 Bxe5 14. Nxe6 Bxe6 15. Nxe5 Qxe5 16. Bh6 Qxb2 17. Bxf8 Rxf8 18. a4 Rd8 19. a5 b5 20. Qf3 Rd6 21. c4 b4 22. Qe3 Qd4 23. Qxd4 Rxd4 24. Re3 Kf8 25. Kf1 Ke8 26. Ke2 Kd7 27. g4 f5 28. f3 Kd6 29. Rd1 h6 30. Ke1 h5 31. gxh5 gxh5 32. Re2 Rh4 33. Rh2 f4 34. Ke2 Bf5 35. Rg1 Rxh3 36. Rxh3 Bxh3 37. Rh1 Bf5 38. Rxh5 Bd7 39. d4 cxd4 40. c5+ Kc7 41. Kd3 b3 42. Rh2 Kb7 43. Re2 Bf5+ 44. Kxd4 Ka6 45. Kc3 Kxa5 46. Kxb3 Kb5 47. Rxe7 a5 48. Kc3 a4 49. Rf7 Be6 50. Rxf4 a3 51. Re4 Bd5 52. Re3 Kxc5 53. f4 a2 54. Kb2 Kd4 55. Re7 c5 56. f5 Bb3 57. f6 c4 58. Ra7 Kd3 59. f7 c3+ 60. Kxb3 c2 61. Kb2 Kd2 62. Rd7+ Ke2 63. Rc7 1-0

[Event "Nakhchivan Premium 2021"]
[Site "Nakhchivan"]
[Date "2021.03.26"]
[Round "5.6"]
[White "Garayev, Sadig"]
[Black "Babayeva, Nasrin"]
[Result "1-0"]
[ECO "C03"]
[WhiteElo "1781"]
[BlackElo "1564"]
[Annotator "NA"]
[PlyCount "57"]
[EventDate "2021.03.14"]
[EventType "tourn"]
[EventCountry "AZE"]
[SourceTitle "playchess.com"]
[Source "ChessBase"]
[SourceQuality "1"]
[TimeControl "5400+30"]

1. e4 e6 2. d4 d5 3. Nd2 h6 4. Ngf3 Nf6 5. e5 Nfd7 6. Bd3 c5 7. c3 Nc6 8. O-O g5 9. dxc5 Ncxe5 10. Bb5 Nxf3+ 11. Nxf3 Bxc5 12. b4 Be7 13. Nd4 O-O 14. f4 e5 15. Nf5 exf4 16. Nxh6+ Kh7 17. Nf5 Nf6 18. Nd4 Rh8 19. h4 Ng4 20. Bxf4 gxf4 21. Rxf4 Bxh4 22. Qd3+ Kg8 23. Raf1 Bf2+ 24. R1xf2 Qh4 25. Qg6+ fxg6 26. Rf8+ Kg7 27. R2f7+ Kh6 28. Rxh8+ Kg5 29. Nf3# 1-0

[Event "Nakhchivan Premium 2021"]
[Site "Nakhchivan"]
[Date "2021.03.27"]
[Round "6.2"]
[White "Ismayilov, Arturan"]
[Black "Garayev, Sadig"]
[Result "1-0"]
[ECO "C09"]
[WhiteElo "1663"]
[BlackElo "1781"]
[Annotator "NA RC"]
[PlyCount "109"]
[EventDate "2021.03.14"]
[EventType "tourn"]
[EventCountry "AZE"]
[SourceTitle "playchess.com"]
[Source "ChessBase"]
[SourceQuality "1"]
[TimeControl "5400+30"]

1. e4 e6 2. d4 d5 3. Nd2 c5 4. exd5 exd5 5. Ngf3 Nc6 6. Bb5 Bd6 7. dxc5 Bxc5 8. O-O Nge7 9. Nb3 Bd6 10. h3 O-O 11. c3 Bf5 12. Bd3 Qd7 13. Re1 Be4 14. Bxe4 dxe4 15. Nc5 Qf5 16. Nxe4 Bc7 17. Bg5 Ng6 18. Nd6 Qc5 19. Ne4 Qf5 20. Qc2 Kh8 21. Qb3 Nce5 22. Nd4 Qc8 23. Nb5 h6 24. Be3 Nf3+ 25. Kf1 Nxe1 26. Rxe1 a6 27. Nbd6 Bxd6 28. Nxd6 Qc6 29. Rd1 b5 30. Nxf7+ Kh7 31. Nd6 Rad8 32. Qd5 Qxd5 33. Rxd5 Ne7 34. Rd2 Rd7 35. Ne4 Rxd2 36. Nxd2 Nd5 37. Bd4 Nf4 38. h4 Re8 39. Be3 Nd3 40. b3 Rc8 41. Ne4 Re8 42. f3 a5 43. Ke2 Ne5 44. Nd6 Rb8 45. Ba7 Rf8 46. Nxb5 Ng6 47. g3 Ne5 48. Nd4 Kg6 49. a4 Nd7 50. b4 Ra8 51. Nc6 Kf7 52. b5 Ke8 53. g4 Rc8 54. Kd2 Nf6 55. Nxa5 1-0

[Event "Nakhchivan Premium 2021"]
[Site "Nakhchivan"]
[Date "2021.03.27"]
[Round "6.3"]
[White "Seyid, Huseyn"]
[Black "Aliyev, Aykhan"]
[Result "0-1"]
[ECO "B38"]
[WhiteElo "1660"]
[BlackElo "1683"]
[Annotator "NA RC"]
[PlyCount "106"]
[EventDate "2021.03.14"]
[EventType "tourn"]
[EventCountry "AZE"]
[SourceTitle "playchess.com"]
[Source "ChessBase"]
[SourceQuality "1"]
[TimeControl "5400+30"]

1. e4 c5 2. Nf3 Nc6 3. d4 cxd4 4. Nxd4 g6 5. c4 Bg7 6. Be3 Qb6 7. Nb3 Qc7 8. Nc3 Bxc3+ 9. bxc3 Nf6 10. f3 d6 11. Be2 b6 12. O-O O-O 13. Nd4 Ne5 14. Nb5 Qc6 15. Qb3 Be6 16. Nd4 Qc5 17. Bf2 Bxc4 18. Bxc4 Qxc4 19. f4 Qxb3 20. axb3 Nd3 21. e5 dxe5 22. fxe5 Nxe5 23. Rfe1 Nfd7 24. Bg3 f6 25. Bxe5 Nxe5 26. Nf3 Nxf3+ 27. gxf3 e5 28. Red1 Rf7 29. c4 Rb7 30. Rd6 Kf7 31. Rad1 Re8 32. Kf2 e4 33. Re1 Rbe7 34. fxe4 Rxe4 35. Rd7+ R4e7 36. Rexe7+ Rxe7 37. Rd6 g5 38. Kf3 Kg6 39. Rd5 Re1 40. Rd7 Rc1 41. Rxa7 Rc3+ 42. Kg2 Rxb3 43. Rc7 h5 44. c5 Rb2+ 45. Kg1 bxc5 46. Rxc5 g4 47. Rc3 Kg5 48. h3 f5 49. hxg4 hxg4 50. Rc5 g3 51. Rc3 Kg4 52. Rc4+ f4 53. Rc8 Rb1+ 0-1

[Event "Nakhchivan Premium 2021"]
[Site "Nakhchivan"]
[Date "2021.03.28"]
[Round "7.2"]
[White "Hasanzade, Toghrul"]
[Black "Baghirov, Orkhan"]
[Result "1-0"]
[ECO "C10"]
[WhiteElo "2322"]
[BlackElo "1473"]
[Annotator "ChessBase"]
[PlyCount "105"]
[EventDate "2021.03.14"]
[EventType "tourn"]
[EventCountry "AZE"]
[SourceTitle "playchess.com"]
[Source "ChessBase"]
[SourceQuality "1"]
[TimeControl "5400+30"]

1. e4 e6 2. d4 d5 3. Nd2 dxe4 4. Nxe4 Nd7 5. Nf3 Ngf6 6. Nxf6+ Nxf6 7. g3 b6 8. Bg2 Bb7 9. O-O Bd6 10. c4 O-O 11. b3 Qe7 12. Qe2 Rfe8 13. Bb2 Ba3 14. Ne5 Bxg2 15. Kxg2 Bxb2 16. Qxb2 Nd7 17. Nf3 Rad8 18. Rad1 c5 19. Qa3 a5 20. Rfe1 Kf8 21. d5 Qf6 22. dxe6 Rxe6 23. Rxe6 Qxe6 24. Qc1 Re8 25. Qf4 Ne5 26. Nxe5 Qxe5 27. Qxe5 Rxe5 28. Rd6 Re6 29. Rxe6 fxe6 30. Kf3 Ke7 31. Ke4 Kf6 32. f4 h6 33. h3 Kf7 34. Ke5 Ke7 35. g4 g5 36. f5 exf5 37. Kxf5 Kf7 38. a4 Kg7 39. Ke6 Kg6 40. Ke7 h5 41. Ke6 hxg4 42. hxg4 Kg7 43. Kf5 Kh6 44. Kf6 Kh7 45. Kxg5 Kg7 46. Kf5 Kf7 47. g5 Kg7 48. g6 Kg8 49. Kf6 Kf8 50. g7+ Kg8 51. Kg6 b5 52. cxb5 c4 53. b6 1-0

[Event "Nakhchivan Premium 2021"]
[Site "Nakhchivan"]
[Date "2021.03.28"]
[Round "7.3"]
[White "Mammadov, Sadig"]
[Black "Ahmadova, Yegana"]
[Result "1-0"]
[ECO "E65"]
[WhiteElo "2237"]
[BlackElo "1421"]
[Annotator "ChessBase"]
[PlyCount "151"]
[EventDate "2021.03.14"]
[EventType "tourn"]
[EventCountry "AZE"]
[SourceTitle "playchess.com"]
[Source "ChessBase"]
[SourceQuality "1"]
[TimeControl "5400+30"]

1. d4 Nf6 2. Nf3 g6 3. g3 Bg7 4. Bg2 O-O 5. O-O d6 6. c4 c5 7. Nc3 a6 8. a4 Nc6 9. d5 Nb4 10. e4 Bg4 11. h3 Bxf3 12. Bxf3 Nd7 13. Bg2 Qc7 14. Qe2 e5 15. g4 Qd8 16. Be3 g5 17. Qd1 Nb6 18. Qe2 a5 19. Ra3 Nc8 20. Bc1 h6 21. h4 f6 22. Nd1 Ne7 23. Ne3 Kf7 24. Bd2 b6 25. Rc1 Ke8 26. Qf3 Kd7 27. Bf1 Kc7 28. Bxb4 axb4 29. Ra2 Ra5 30. h5 Qd7 31. Qd1 Rfa8 32. Rca1 Kd8 33. Be2 Qe8 34. Qb3 Qd7 35. Bd1 Qc7 36. Nf1 Qd7 37. Qd3 Qc7 38. Nd2 Kd7 39. Kg2 Rf8 40. Nb3 Qd8 41. Nd2 Qc7 42. Nf1 Kd8 43. Ne3 Qd7 44. Nc2 Qc7 45. Qb3 Kd7 46. Be2 Rfa8 47. Bd3 Bf8 48. Kg3 Bg7 49. Nxb4 cxb4 50. Qxb4 Qc5 51. Qd2 Qd4 52. b4 R5a7 53. Qc2 b5 54. c5 Qxb4 55. c6+ Kc7 56. Rb2 Qc5 57. Qxc5 dxc5 58. Rxb5 Nxc6 59. dxc6 Rxa4 60. Rab1 Kxc6 61. Rb6+ Kc7 62. Rb7+ Kc8 63. Rxg7 Ra3 64. Rg8+ Kc7 65. Rxa8 Rxa8 66. Bc4 Ra3+ 67. Kg2 Rc3 68. Bd5 c4 69. Rb4 Kd6 70. Rb6+ Kc5 71. Rxf6 Rc1 72. Rxh6 c3 73. Rc6+ Kd4 74. h6 c2 75. Rxc2 Rxc2 76. h7 1-0

[Event "Nakhchivan Premium 2021"]
[Site "Nakhchivan"]
[Date "2021.03.28"]
[Round "7.4"]
[White "Aliyev, Aykhan"]
[Black "Gasimov, Parviz"]
[Result "0-1"]
[ECO "A05"]
[WhiteElo "1683"]
[BlackElo "2337"]
[Annotator "NA"]
[PlyCount "100"]
[EventDate "2021.03.14"]
[EventType "tourn"]
[EventCountry "AZE"]
[SourceTitle "playchess.com"]
[Source "ChessBase"]
[SourceQuality "1"]
[TimeControl "5400+30"]

1. Nf3 Nf6 2. c4 b6 3. Nc3 Bb7 4. d4 e6 5. Bg5 h6 6. Bxf6 Qxf6 7. e4 Bb4 8. Qd3 Qf4 9. Nd2 Nc6 10. a3 Bxc3 11. bxc3 e5 12. g3 Qf6 13. Nb3 a5 14. Rd1 Qe7 15. Ra1 (15. d5 $15 Nd8 16. a4) 15... exd4 16. Bg2 dxc3 17. Qxc3 Qe5 18. Rc1 a4 19. Nd2 Qxc3 $17 20. Rxc3 Nd4 21. Rd3 Ne6 22. O-O Nc5 23. Re3 O-O-O 24. e5 Bxg2 25. Kxg2 Rhe8 26. f4 d6 27. Nf3 f6 28. Rfe1 dxe5 29. fxe5 fxe5 30. Nxe5 Rxe5 31. Rxe5 Nd3 32. Kh3 Nxe1 33. Rxe1 Rd3 34. c5 bxc5 35. Kg4 g6 36. Rc1 Rxa3 37. Rxc5 Rb3 38. Kf4 Kb7 39. Ra5 a3 40. Ke5 Kb6 41. Ra8 Rb5+ 42. Kf6 Ra5 43. Rb8+ Kc5 44. Rb7 a2 45. Rxc7+ Kb4 46. Rc1 a1=Q+ 47. Rxa1 Rxa1 48. Kxg6 Ra6+ 49. Kf5 Kc5 50. g4 Kd6 0-1

[Event "Nakhchivan Premium 2021"]
[Site "Nakhchivan"]
[Date "2021.03.28"]
[Round "7.5"]
[White "Garayev, Sadig"]
[Black "Seyid, Huseyn"]
[Result "1-0"]
[ECO "B12"]
[WhiteElo "1781"]
[BlackElo "1660"]
[Annotator "NA"]
[PlyCount "55"]
[EventDate "2021.03.14"]
[EventType "tourn"]
[EventCountry "AZE"]
[SourceTitle "playchess.com"]
[Source "ChessBase"]
[SourceQuality "1"]
[TimeControl "5400+30"]

1. e4 c6 2. d4 d5 3. e5 c5 4. dxc5 e6 5. Nf3 Bxc5 6. Bd3 Nc6 7. a3 a5 8. O-O Bd7 9. Qe2 Nge7 10. h4 h6 11. h5 Qc7 12. Nc3 Nd4 13. Nxd4 Bxd4 14. Re1 Ba7 15. Bd2 g6 16. Nb5 Bxb5 17. Bxb5+ Nc6 18. c4 dxc4 19. Rac1 O-O-O 20. Rxc4 Qb6 21. Bxc6 bxc6 22. Be3 Qb7 23. Bxa7 Qxa7 24. Rxc6+ Kd7 25. Qf3 Rh7 26. Rd1+ Ke8 27. Rxd8+ Kxd8 28. Qf6+ 1-0